 Dungeon Crawl Stone Soup version 0.29.1-2-gbd0b4ee654 (webtiles) character file.

Game seed: 752657239169910820

798 Icepheonix32 the Covered (level 7, 0/54 (63) HPs)
             Began as a Minotaur Fighter on Oct 26, 2022.
             Was an Initiate of Okawaru.
             Succumbed to a killer bee's poison
             ... on level 5 of the Dungeon.
             The game lasted 00:03:27 (3763 turns).

Icepheonix32 the Covered (Minotaur Fighter)         Turns: 3763, Time: 00:03:28

HP:   0/54 (63)     AC: 12    Str: 27    XL:     7   Next: 58%
MP:   6/15          EV:  8    Int:  7    God:    Okawaru [......]
Gold: 147           SH:  4    Dex:  9    Spells: 6/6 levels left

rFire   + + .      SeeInvis .   A - +4 short sword
rCold   + . .      Faith    .   c - +0 buckler
rNeg    . . .      Spirit   +   u - +2 chain mail {rF+}
rPois   +          Reflect  .   (helmet restricted)
rElec   +          Harm     .   (no cloak)
rCorr   +          Rampage  .   (no gloves)
Will    .....                   (no boots)
Stlth   ..........              o - amulet of guardian spirit
HPRegen 0.18/turn               n - ring of magical power
MPRegen 0.14/turn               v - +6 ring of strength

@: mighty, lethally poisoned (0 -> -19), resistant, heavily drained
A: horns 2, retaliatory headbutt, fangs 1, inability to read after injury 1
a: Renounce Religion


You were on level 5 of the Dungeon.
You worshipped Okawaru.
Okawaru was noncommittal.
You visited 2 branches of the dungeon, and saw 6 of its levels.

You collected 147 gold pieces.

Inventory:

Hand Weapons
 a - a +0 war axe
 w - a +0 lajatang
 A - a +4 short sword (weapon)
Armour
 b - a +0 scale mail
 c - a +0 buckler (worn)
 u - a +2 chain mail of fire resistance (worn)
Jewellery
 n - a ring of magical power (left hand)
 o - an amulet of guardian spirit (around neck)
 s - an amulet of reflection
 v - a +6 ring of strength (right hand)
Wands
 D - a wand of polymorph (4)
Scrolls
 f - 2 scrolls of teleportation {unknown}
 g - 2 scrolls of blinking {unknown}
 h - 2 scrolls of enchant armour {unknown}
 i - a scroll of amnesia {unknown}
 k - a scroll of enchant weapon {unknown}
 m - a scroll of summoning {unknown}
 p - 3 scrolls of identify {unknown}
 y - a scroll of fear {unknown}
Potions
 d - 3 potions of might
 l - 2 potions of magic
 q - a potion of resistance
 r - a potion of degeneration {unknown}
 t - a potion of mutation
 x - a potion of brilliance {unknown}
 z - a potion of berserk rage {unknown}
 B - a potion of lignification {unknown}
 C - a potion of haste {unknown}


   Skills:
 * Level 6.1 Fighting
 + Level 0.4 Short Blades
 - Level 5.5 Axes
 * Level 7.3 Armour
 + Level 1.2 Dodging
 + Level 0.3 Stealth
 + Level 4.4 Shields
 * Level 0.2 Invocations


You had 6 spell levels left.
You didn't know any spells.
Your spell library contained the following spells:

 Spells                   Type           Power      Damage    Failure   Level
 Foxfire                  Conj/Fire      0%         2x1d4     97%         1
 Sandblast                Erth           0%         2d4       97%         1
 Passwall                 Tmut/Erth      0%         N/A       99%         2
 Sublimation of Blood     Necr           0%         N/A       99%         2
 Wereblood                Tmut           0%         N/A       99%         2
 Conjure Flame            Conj/Fire      0%         6-21      100%        3
 Inner Flame              Hex/Fire       0%         N/A       100%        3
 Portal Projectile        Hex/Tloc       0%         N/A       100%        3
 Stone Arrow              Conj/Erth      0%         3d7       100%        3
 Flame Wave               Conj/Fire      0%         2d4       100%        4
 Blade Hands              Tmut           0%         N/A       100%        5
 Fireball                 Conj/Fire      0%         3d3       100%        5
 Iskenderun's Battlesphe  Conj           0%         2d6       100%        5
 Conjure Ball Lightning   Conj/Air       0%         3x3d6     100%        6
 Orb of Destruction       Conj           0%         9d5       100%        7
 Tukima's Dance           Hex            Unusable   N/A       N/A         3
 Summon Hydra             Summ           Unusable   N/A       N/A         7

Dungeon Overview and Level Annotations

Branches:
Dungeon (5/15)             Temple (1/1) D:4

Altars:
Ashenzari
Cheibriados
Dithmenos
Elyvilon
Fedhas
Hepliaklqana
Kikubaaqudgha
Makhleb
Nemelex Xobeh
Okawaru
Ru
Sif Muna
Trog
Uskayaw
Vehumet
Xom
Yredelemnul
Zin
The Shining One


Innate Abilities, Weirdness & Mutations

You have a pair of horns on your head.
You reflexively headbutt those who attack you in melee.
You have very sharp teeth.
You occasionally lose the ability to read scrolls when taking damage.


Message History

It was a potion of magic.
Magic courses through your body.
* * * LOW HITPOINT WARNING * * *
You feel very sick.
The killer bee stings you but does no damage.
You feel very mighty all of a sudden.
You feel sick.
The killer bee stings you but does no damage.
You block the killer bee's attack.
The killer bee stings you but does no damage.
The killer bee closely misses you.
Okay, then.
You miss the killer bee. You headbutt the killer bee!
Your bite misses the killer bee.
The killer bee is almost dead.
You feel sick. The killer bee stings you. You block the killer bee's attack.
The killer bee stings you but does no damage.
The killer bee barely misses you. The killer bee completely misses you.
The killer bee barely misses you.
You miss the killer bee.
The killer bee is almost dead.
You feel sick.
The killer bee stings you but does no damage. x2
You block the killer bee's attack. The killer bee stings you.
* * * LOW HITPOINT WARNING * * *
Unknown command.
You miss the killer bee. Your headbutt misses the killer bee.
The killer bee is almost dead.
* * * LOW HITPOINT WARNING * * *
You feel sick. The killer bee stings you.
You are lethally poisoned!
The killer bee poisons you!
The killer bee stings you but does no damage.
The killer bee stings you.
* * * LOW HITPOINT WARNING * * *
You are more poisoned.
The killer bee poisons you!
The killer bee stings you but does no damage.
It was a potion of resistance.
You feel protected.
You die...

#....##### #.#
#.......†######.#
####..<............#
#...........###.####
...........## #.#
#..........# #.#
####....#### #.#
#....# #.. #..y@#
#.8 ########y# ...
.......5y#
.#.....#.# #.....#.#
.......#>#
.#........ #........
#####.....


You could see 3 killer bees and a shadow imp.

Vanquished Creatures
  Sigmund (D:4)
  An ogre (D:4)
  A scorpion (D:4)
  3 wights (D:4)
  2 orc priests
  2 hounds (D:4)
  Terence (D:3)
  An iguana (D:4)
  2 orc wizards
  3 gnolls (D:4)
  An adder (D:4)
  A shadow imp (D:5)
  A worm (D:2)
  2 dart slugs
  9 orcs
  7 bats
  5 endoplasms
  3 giant cockroaches
  3 goblins
  3 hobgoblins
  3 jackals (D:1)
  4 quokkas
  5 ball pythons
  7 frilled lizards
  5 kobolds
  4 rats
80 creatures vanquished.

Notes
Turn   | Place    | Note
-------+----------+-------------------------------------------
     0 | D:1      | Icepheonix32 the Minotaur Fighter began the quest for the
                  | Orb.
     0 | D:1      | Reached XP level 1. HP: 19/19 MP: 0/0
   114 | D:1      | Reached XP level 2. HP: 25/27 MP: 1/1
   246 | D:1      | Reached skill level 4 in Armour
  1033 | D:2      | Found a faded altar of an unknown god.
  1040 | D:2      | Reached XP level 3. HP: 32/33 MP: 2/2
  1908 | D:3      | Noticed Terence
  1923 | D:3      | Killed Terence
  1924 | D:3      | Reached XP level 4. HP: 23/41 MP: 3/3
  2530 | D:4      | Noticed Sigmund
  2539 | D:4      | Killed Sigmund
  2540 | D:4      | Reached skill level 5 in Fighting
  2540 | D:4      | Reached skill level 5 in Armour
  2540 | D:4      | Reached XP level 5. HP: 43/48 MP: 4/4
  2605 | D:4      | Reached XP level 6. HP: 56/56 MP: 5/5
  2919 | D:4      | Reached skill level 6 in Armour
  2922 | D:4      | Reached skill level 5 in Axes
  2922 | D:4      | Reached skill level 1 in Dodging
  2924 | D:4      | Reached XP level 7. HP: 47/62 MP: 6/6
  3119 | D:4      | Found a staircase to the Ecumenical Temple.
  3170 | Temple   | Entered the Ecumenical Temple
  3224 | Temple   | Became a worshipper of Warmaster Okawaru
  3269 | D:4      | Reached skill level 7 in Armour
  3455 | D:5      | Entered Level 5 of the Dungeon
  3757 | D:5      | Gained mutation: You occasionally lose the ability to read
                  | scrolls when taking damage. [potion of mutation]
  3757 | D:5      | Gained mutation: You have very sharp teeth. [potion of
                  | mutation]
  3763 | D:5      | Succumbed to a killer bee's poison

Illustrated notes

Levels and vault maps discovered:
D:1:      dpeg_arrival_renting, layout_loops_ring,
          chequers_serial_rivers_micro_a, minmay_misc_feat_four_crosses
D:2:      layout_rooms, ebering_ecumenical_altar_webs, serial_park_tiny_1
D:3:      layout_loops_ring, minmay_misc_feat_alley, uniq_terence
D:4:      layout_basic, minmay_temple_entry_statues_fountains, uniq_sigmund
D:5:      layout_loops_corners, serial_shops, nicolae_shop_statue_plus,
          gammafunk_ghost_smash, reono_crystal_passage, uniq_grinder,
          uniq_eustachio
Temple:   hellmonk_temple_of_storms

Skill      XL: |  1  2  3  4  5  6  7 |
---------------+----------------------+-----
Fighting       | 4 5 6 |  6.1
Armour         | 4 5 6 7 |  7.3
Shields        | 4 |  4.4
Axes           | 3 4 5 |  5.5
Dodging        | 1 |  1.2
Short Blades   | |  0.4
Stealth        | |  0.3
Invocations    | |  0.2

Action                   |  1- 3 |  4- 6 |  7- 9 || total
-------------------------+-------+-------+-------++-------
Melee: War axe           |   107 |    49 |     6 ||   162
       Headbutt          |    10 |     8 |    11 ||    29
       Short sword       |       |       |    59 ||    59
  Use: Potion            |       |       |     7 ||     7
Armor: Scale mail        |    56 |       |       ||    56
       Chain mail        |       |    21 |    70 ||    91
Dodge: Dodged            |    54 |    25 |    34 ||   113
Block: Buckler           |    20 |    14 |    17 ||    51
